[Event "Early-Titled-Tuesday-Blitz-February-20-2024"]
[Site "Chess.com"]
[Date "2024.02.20"]
[Round "3"]
[White "pr1105"]
[Black "mjelcic"]
[Result "0-1"]
[WhiteElo "2390"]
[BlackElo "2193"]
[TimeControl "180+1"]
[EndTime "8:26:51 PST"]
[Termination "mjelcic won by checkmate"]

1. e4 g6 2. d4 Bg7 3. Nc3 d6 4. Be3 a6 5. Qd2 Nd7 6. O-O-O b5 7. h4 h5 8. Nh3 Ngf6 9. Ng5 Ng4 10. Bf4 e5 11.
dxe5 dxe5 12. Bg3 Bb7 13. f3 Ngf6 14. a4 O-O 15. Kb1 b4 16. Nd5 Nxd5 17. exd5 Nc5 18.
Qxb4 Qd6 19. Bf2 Nd7 20. Qxb7 Rab8 21. Qxa6 Rxb2+ 22. Kxb2 e4+ 23. Ka2 Qb4 24. Qc4 Qb2# 0-1

[Event "Early-Titled-Tuesday-Blitz-February-20-2024"]
[Site "Chess.com"]
[Date "2024.02.20"]
[Round "3"]
[White "VinzentSpitzl"]
[Black "C_K_G"]
[Result "1-0"]
[WhiteElo "2542"]
[BlackElo "2172"]
[TimeControl "180+1"]
[EndTime "8:26:52 PST"]
[Termination "VinzentSpitzl won by resignation"]

1. e4 c5 2. Nf3 d6 3. d4 cxd4 4.
Nxd4 Nf6 5. Nc3 a6 6. Bg5 e6 7. Qe2 Nbd7 8. f4 Qc7 9. O-O-O b5 10. g4 Bb7 11. Bg2 b4 12. Nd5 Qa5 13. Kb1 h6 14.
Bxf6 gxf6 15. Rhe1 Bg7 16. Nf5 Kf8 17. Nxd6 exd5 18.
Nxb7 Qc7 19. exd5 Qxb7 20. d6 Qa7 21. Bxa8 Qxa8 22. Qe7+ Kg8 23. Qxd7 Kh7 24. Qf5+ Kg8 25. d7 1-0

[Event "Early-Titled-Tuesday-Blitz-February-20-2024"]
[Site "Chess.com"]
[Date "2024.02.20"]
[Round "3"]
[White "jens1102"]
[Black "mertfelin"]
[Result "1-0"]
[WhiteElo "2716"]
[BlackElo "2350"]
[TimeControl "180+1"]
[EndTime "8:26:53 PST"]
[Termination "jens1102 won by resignation"]

1. e4 e5 2. Nf3 Nc6 3. Bc4 Bc5 4. O-O Nf6 5. Re1 d6 6. c3 Bb6 7. d4 O-O 8. Bg5 h6 9. Bh4 Bg4 10. d5 Nb8 11. Nbd2 Nbd7 12. a4 c6 13. Nf1 Bc7 14.
h3 Bh5 15. Ng3 Bg6 16. Nh2 Bh7 17. Ng4 Qe8 18. Nxf6+ Nxf6 19. Bxf6 gxf6 20. Qg4+ Kh8 21. Nh5 Rg8 22. Qf3 Bd8 23. Nxf6 Bxf6 24. Qxf6+ Rg7 25. Re3 Qd8 26. Qxh6 Rg6 27. Qh5 Qg8 28. g3 c5 29. Kh2 Rf6 30. Rf1 Qg6 31. Qxg6 Bxg6 32.
f4 exf4 33. gxf4 Re8 34. e5 Rf5 35. Bd3 Rh5 36. Bxg6 fxg6 37. Rfe1 Rf5 38. exd6 Rxe3 39. Rxe3 Rxd5 40. Re8+ Kg7 41. Re7+ Kf6 42. Rxb7 a5 43. d7 c4 44. Kg3 Ke7 45. Kg4 Kd8 46. Rb5 Rxd7 47.
Rxa5 Rb7 48. Rb5 Ra7 49. Rb4 Ke7 50. Rxc4 1-0

[Event "Early-Titled-Tuesday-Blitz-February-20-2024"]
[Site "Chess.com"]
[Date "2024.02.20"]
[Round "3"]
[White "LeninGuerra"]
[Black "ilya2700"]
[Result "0-1"]
[WhiteElo "2555"]
[BlackElo "2348"]
[TimeControl "180+1"]
[EndTime "8:26:53 PST"]
[Termination "ilya2700 won by resignation"]

1. e4 c5 2. Nf3 e6 3. d4 cxd4 4. Nxd4 Nf6 5. Nc3 Nc6 6. Ndb5 Bb4 7. a3 Bxc3+ 8. Nxc3 d5 9. exd5 exd5 10. Bd3 O-O 11. O-O d4 12. Ne4 Bf5 13. Bg5 Bxe4 14. Bxe4 h6 15.
Bh4 g5 16. Bxc6 bxc6 17. Bg3 Qd5 18. f4 Ne4 19. Qh5 Kg7 20. Rae1 Rae8 21. fxg5 hxg5 22.
Qf3 f5 23. Qd3 c5 24. c3 f4 25. Bf2 Nxf2 26. Kxf2 Re3 27. Qa6 dxc3 28. bxc3 Rfe8 29. Rd1 Re2+ 30. Qxe2 Rxe2+ 31. Kxe2 Qxg2+ 32. Rf2 Qe4+ 33. Kd2 Qe3+ 34. Kc2 Qxf2+ 35. Kb3 Qe2 36. Rd7+ Kf8 37. Rxa7 f3 0-1

[Event "Early-Titled-Tuesday-Blitz-February-20-2024"]
[Site "Chess.com"]
[Date "2024.02.20"]
[Round "3"]
[White "DAVIDHDZSTS"]
[Black "Journey_to_GrandMaster_YT"]
[Result "1-0"]
[WhiteElo "1964"]
[BlackElo "2513"]
[TimeControl "180+1"]
[EndTime "8:26:53 PST"]
[Termination "DAVIDHDZSTS won by checkmate"]

1. d4 d6 2. Nc3 Nf6 3. Bf4 Nbd7 4. e3 c5 5. Nf3 Qa5 6. Nd2 e5 7. dxe5 dxe5 8. Nc4 Qc7 9. Bg3 a6 10. Qf3 Rb8 11.
Nd5 Nxd5 12. Qxd5 f6 13. O-O-O b5 14. Qe6+ Kd8 15. Bxe5 fxe5 16. Nxe5 Qb6 17. Rxd7+ Bxd7 18. Qxd7# 1-0

[Event "Early-Titled-Tuesday-Blitz-February-20-2024"]
[Site "Chess.com"]
[Date "2024.02.20"]
[Round "3"]
[White "KorolDimitriy75"]
[Black "ajedrezsinlimites"]
[Result "1/2-1/2"]
[WhiteElo "2430"]
[BlackElo "2631"]
[TimeControl "180+1"]
[EndTime "8:26:55 PST"]
[Termination "Game drawn by repetition"]

1. d4 Nf6 2. c4 e6 3. Nc3 Bb4 4. Qc2 O-O 5. e4 d6 6. e5 dxe5 7. dxe5 Nfd7 8. Nf3 Nc6 9. Bf4 g5 10. Nxg5 f5 11. Nxe6 Qh4 12. g3 Qh5 13. Be2 Qh3 14. Nxf8 Nd4 15. Qd3 Nxe2 16. Kxe2 Nxf8 17. Nd5 Bc5 18.
Nf6+ Kf7 19. Qd8 Be6 20. Qxa8 Bxc4+ 21. Kd2 Bb4+ 22. Kc2 Qg2 23. Qe8+ Kg7 24. Rhd1 Qxf2+ 25. Rd2 Bxd2 26. Bxd2 Qd4 27. Qe7+ Kg6 28. Qxf8 Qd3+ 29. Kd1 Qf1+ 30. Kc2 Qd3+ 31. Kd1 Qe2+ 32. Kc2 Qd3+ 1/2-1/2

[Event "Early-Titled-Tuesday-Blitz-February-20-2024"]
[Site "Chess.com"]
[Date "2024.02.20"]
[Round "3"]
[White "Dinamo3"]
[Black "cukin84"]
[Result "1-0"]
[WhiteElo "2519"]
[BlackElo "2242"]
[TimeControl "180+1"]
[EndTime "8:26:55 PST"]
[Termination "Dinamo3 won by resignation"]

1. c4 f5 2. Nc3 Nf6 3. g3 g6 4. Bg2 Bg7 5. d3 O-O 6. e3 e5 7.
Nge2 d6 8. O-O c6 9. Rb1 a5 10. a3 g5 11. f4 exf4 12. gxf4 g4 13. b4 axb4 14. axb4 Qe8 15. b5 c5 16. Nd5 Nxd5 17. Bxd5+ Kh8 18. Ng3 Nd7 19. Bg2 h5 20. e4 Bd4+ 21.
Kh1 fxe4 22. Nxe4 Qg6 23. Bb2 Ra2 24. Bxd4+ cxd4 25. Qb3 Re2 26. Rb2 Re3 27. Qa3 Nc5 28. Nxc5 dxc5 29. Qxc5 Rxd3 30. Qxf8+ Kh7 31. Qxc8 1-0

[Event "Early-Titled-Tuesday-Blitz-February-20-2024"]
[Site "Chess.com"]
[Date "2024.02.20"]
[Round "3"]
[White "DmitriiZakurdaev"]
[Black "Joachim100x"]
[Result "0-1"]
[WhiteElo "2433"]
[BlackElo "2289"]
[TimeControl "180+1"]
[EndTime "8:26:57 PST"]
[Termination "Joachim100x won by resignation"]

1. d4 d5 2. c4 e6 3. Nc3 Nf6 4. Nf3 c5 5. cxd5 Nxd5 6. e4 Nxc3 7. bxc3 cxd4 8. cxd4 Bb4+ 9. Bd2 Bxd2+ 10. Qxd2 O-O 11.
Bc4 Nc6 12. O-O b6 13. d5 Na5 14. Bb5 exd5 15. exd5 Qd6 16. Rfe1 Bb7 17. Rad1 Rad8 18. Qg5 h6 19. Qh5 Qc5 20. a4 Rxd5 21. Rxd5 Qxd5 22. Qh3 Bc8 23. Qg3 Be6 24. Qc7 Qb7 25. Qd6 a6 26. Bd3 b5 27. Nd4 Nc4 28. Qb4 Qd5 29. Nxe6 fxe6 30. Bxc4 bxc4 31. Qb6 e5 32. Qxa6 Qd4 33. Rf1 c3 34. Qe6+ Kh8 35. a5 c2 36. h3 Qxf2+ 37. Rxf2 c1=Q+ 38. Kh2 Rxf2 39. Qe8+ Kh7 40. Qxe5 Qf4+ 41.
Qxf4 Rxf4 0-1

[Event "Early-Titled-Tuesday-Blitz-February-20-2024"]
[Site "Chess.com"]
[Date "2024.02.20"]
[Round "3"]
[White "Perecke"]
[Black "LionTheLeon_06"]
[Result "0-1"]
[WhiteElo "2507"]
[BlackElo "2879"]
[TimeControl "180+1"]
[EndTime "8:26:59 PST"]
[Termination "LionTheLeon_06 won on time"]

1. d4 a6 2. Nf3 d5 3. b3 Nf6 4.
Bb2 Bf5 5. e3 e6 6. Ne5 Nbd7 7.
Bd3 Bxd3 8. cxd3 Nxe5 9. dxe5 Nd7 10. O-O Be7 11. Nd2 O-O 12. e4 Nc5 13. d4 Nxe4 14.
Nxe4 dxe4 15. Qg4 Qd5 16. Rfe1 c5 17. Qxe4 Rfd8 18. Rad1 Qxe4 19. Rxe4 Rac8 20. Rc1 cxd4 21. Rc4 Rxc4 22. bxc4 d3 23. Re1 Rc8 24. Rd1 Rxc4 25.
Rxd3 Rc2 26. Rb3 b5 27. g3 g5 28. Kg2 g4 29. Kf1 Bc5 30. Ba3 Rxf2+ 31. Ke1 Rc2 0-1

[Event "Early-Titled-Tuesday-Blitz-February-20-2024"]
[Site "Chess.com"]
[Date "2024.02.20"]
[Round "3"]
[White "Magic-Nelwyn"]
[Black "GelmanAlexander"]
[Result "0-1"]
[WhiteElo "2482"]
[BlackElo "2757"]
[TimeControl "180+1"]
[EndTime "8:26:59 PST"]
[Termination "GelmanAlexander won by resignation"]

1. e4 c5 2. c3 e6 3. d4 b6 4. Nf3 Bb7 5. Bd3 Nf6 6. Nbd2 d5 7. e5 Nfd7 8. O-O Nc6 9. Re1 g5 10. h3 h5 11. Nf1 g4 12. hxg4 hxg4 13. Ng5 Rg8 14.
Qxg4 Be7 15. f4 cxd4 16. Qh5 Bxg5 17. fxg5 dxc3 18. Qh7 Rxg5 19. Bxg5 Qxg5 20. Qh8+ Ke7 21. Qh3 cxb2 22. Rab1 Ncxe5 23. Be2 d4 24. Rxb2 Rg8 25.
Bb5 Nf3+ 0-1

[Event "Early-Titled-Tuesday-Blitz-February-20-2024"]
[Site "Chess.com"]
[Date "2024.02.20"]
[Round "3"]
[White "Orest_Vovk"]
[Black "nj123456"]
[Result "1-0"]
[WhiteElo "2657"]
[BlackElo "2445"]
[TimeControl "180+1"]
[EndTime "8:26:59 PST"]
[Termination "Orest_Vovk won by resignation"]

1. h4 d5 2. h5 e5 3. h6 Nxh6 4.
d4 e4 5. Bxh6 gxh6 6. e3 Bf5 7.
c4 c6 8. Nc3 Bg7 9. Qb3 O-O 10.
cxd5 Bg6 11. Qxb7 Nd7 12. dxc6 Nb6 13. c7 Qg5 14. Nh3 Qa5 15. Qa6 Qb4 16. Qb5 Qd6 17.
Qc5 Qxc5 18. dxc5 Bxc3+ 19. bxc3 Na4 20. Ba6 Bf5 21. g4 Nxc5 22. gxf5 Nxa6 23. Nf4 Nxc7 24. Rxh6 Rac8 25. Ke2 Nb5 26. Rg1+ Kh8 27. Rgh1 Nxc3+ 28. Kf1 Kg7 29. f6+ Kg8 30. Rxh7 1-0

[Event "Early-Titled-Tuesday-Blitz-February-20-2024"]
[Site "Chess.com"]
[Date "2024.02.20"]
[Round "3"]
[White "masnyszachistaaa"]
[Black "Sattarov_Bobur"]
[Result "0-1"]
[WhiteElo "2573"]
[BlackElo "2809"]
[TimeControl "180+1"]
[EndTime "8:27:04 PST"]
[Termination "Sattarov_Bobur won by checkmate"]

1. Nf3 Nf6 2. c4 g6 3. g3 Bg7 4. Bg2 O-O 5. O-O d6 6. Nc3 Nc6 7. d3 h6 8. Rb1 e5 9. Nd2 Be6 10.
b4 Qd7 11. Re1 Bh3 12. Bh1 Nh5 13. Nd5 f5 14. b5 Nd8 15. a4 Ne6 16. a5 Rae8 17.
a6 b6 18. Nb4 f4 19. Ne4 Rf7 20. Nc6 Ref8 21. Nxa7 fxg3 22. hxg3 Kh8 23. Nc6 Nc5 24.
Be3 Nxe4 25. dxe4 Nxg3 26. Bf3 Nxe4 27. a7 Nc3 28. Qd3 e4 29. Bxe4 Qg4+ 30. Kh1 Nxe4 31. Rg1 Qh5 32. Qd5 Bf5+ 33. Kg2 Qh3# 0-1

[Event "Early-Titled-Tuesday-Blitz-February-20-2024"]
[Site "Chess.com"]
[Date "2024.02.20"]
[Round "3"]
[White "ChessRespected"]
[Black "Chesstiger64"]
[Result "1-0"]
[WhiteElo "2590"]
[BlackElo "2339"]
[TimeControl "180+1"]
[EndTime "8:27:04 PST"]
[Termination "ChessRespected won on time"]

1. d4 d6 2. e4 g6 3. Nc3 Bg7 4. f4 Nd7 5. Nf3 c5 6. d5 Ngf6 7. Bc4 O-O 8. O-O a6 9. a4 Qc7 10. a5 b5 11. axb6 Nxb6 12. Ba2 Bb7 13. f5 gxf5 14.
Nh4 fxe4 15. Nf5 c4 16. Qe1 Kh8 17. Qh4 Rg8 18. Bg5 Bxd5 19. Nxe7 Nbd7 20. Nf5 Ne8 21.
Nxd5 Qc5+ 22. Nde3 Rb8 23. Bxc4 Rxb2 24. Bxf7 Rb6 25. Rf4 1-0

[Event "Early-Titled-Tuesday-Blitz-February-20-2024"]
[Site "Chess.com"]
[Date "2024.02.20"]
[Round "3"]
[White "nicolasbatista3"]
[Black "nindjaxx8"]
[Result "0-1"]
[WhiteElo "2415"]
[BlackElo "2632"]
[TimeControl "180+1"]
[EndTime "8:27:05 PST"]
[Termination "nindjaxx8 won by resignation"]

1. d4 d5 2. c4 e6 3. Nc3 Nf6 4. Bg5 Be7 5. e3 O-O 6. Nf3 h6 7. Bh4 b6 8. cxd5 Nxd5 9. Bxe7 Nxe7 10. Bd3 Bb7 11. O-O Nd7 12. Rc1 Nf6 13. Ne5 Ned5 14.
Qe2 a6 15. Bb1 Nxc3 16. bxc3 Qe7 17. c4 c5 18. Rfd1 Rfd8 19. Qb2 Qc7 20. h3 Rd6 21.
dxc5 Rxd1+ 22. Rxd1 Qxc5 23. Nd7 Nxd7 24. Rxd7 Qc6 25.
Rxb7 Qxb7 26. c5 Rb8 27. Qc2 bxc5 28. Qh7+ Kf8 29. Be4 Qb2 30. a4 Ke7 31. Bf3 Qe5 32. a5 c4 33. g3 c3 34. Qc2 Rb2 35. Qd3 c2 36. Qa3+ Kf6 0-1

[Event "Early-Titled-Tuesday-Blitz-February-20-2024"]
[Site "Chess.com"]
[Date "2024.02.20"]
[Round "3"]
[White "marcodobrikov"]
[Black "KanalSzachowy"]
[Result "0-1"]
[WhiteElo "2600"]
[BlackElo "2425"]
[TimeControl "180+1"]
[EndTime "8:27:06 PST"]
[Termination "KanalSzachowy won by resignation"]

1. c4 c5 2. Nc3 Nc6 3. e4 g6 4. g3 Bg7 5. Bg2 d6 6. Nge2 Nf6 7. O-O O-O 8. d3 Ne8 9. Be3 Nc7 10. d4 cxd4 11. Nxd4 Ne6 12. Nxc6 bxc6 13. Qd2 Ba6 14. b3 Qa5 15. Rac1 Bb7 16. Rfd1 Rad8 17. Nd5 Qa3 18. Nxe7+ Kh8 19. f4 Rfe8 20. f5 Rxe7 21. fxe6 Rxe6 22. Bd4 c5 23. Bxg7+ Kxg7 24. Rf1 Bxe4 25. Qf4 f5 26. Bxe4 Rxe4 27. Qd2 Rd4 28. Qe3 Re4 29. Qg5 Rf8 30. Rc2 Qa5 31. Kg2 Qc7 32. Rd2 h6 33. Qf4 Rxf4 34. Rxf4 Qc6+ 35. Kf2 Re8 36. Rd5 Re5 37. Rd3 Qh1 0-1

[Event "Early-Titled-Tuesday-Blitz-February-20-2024"]
[Site "Chess.com"]
[Date "2024.02.20"]
[Round "3"]
[White "ZachHKL"]
[Black "emeli_chess"]
[Result "0-1"]
[WhiteElo "2108"]
[BlackElo "2414"]
[TimeControl "180+1"]
[EndTime "8:27:08 PST"]
[Termination "emeli_chess won by checkmate"]

1. e4 c5 2. Nf3 d6 3. d4 cxd4 4. Nxd4 Nf6 5. Nc3 a6 6. Bg5 e6 7. f4 Nbd7 8. Qf3 Qc7 9. O-O-O b5 10. e5 Bb7 11. Qh3 dxe5 12. Nxe6 fxe6 13. Qxe6+ Be7 14.
Bxb5 axb5 15. Bxf6 gxf6 16. Nxb5 Qc6 17. Nd6+ Kd8 18. Nxb7+ Qxb7 19. Rxd7+ Qxd7 20. Rd1 Qxd1+ 21. Kxd1 Rc8 22. fxe5 fxe5 23. Qxe5 Rf8 24. Qd5+ Ke8 25.
Qb5+ Kf7 26. c3 Rc5 27. Qe2 Rd8+ 28. Kc2 Bf6 29. a4 Re5 30. Qf3 Rde8 31. Qb7+ R8e7 32. Qb3+ Kg7 33. Qc4 Re2+ 34. Kb1 Rxg2 35. a5 Ree2 36. Qb5 Bxc3 37. Qb7+ Kg6 38. Qc6+ Bf6 39. Kc1 Re1# 0-1

[Event "Early-Titled-Tuesday-Blitz-February-20-2024"]
[Site "Chess.com"]
[Date "2024.02.20"]
[Round "3"]
[White "Hudijegszid"]
[Black "MaestroCheck"]
[Result "1-0"]
[WhiteElo "2351"]
[BlackElo "2564"]
[TimeControl "180+1"]
[EndTime "8:27:11 PST"]
[Termination "Hudijegszid won by resignation"]

1. Nf3 d5 2. g3 Nf6 3. Bg2 c5 4. O-O Nc6 5. d4 e6 6. c4 dxc4 7. Qa4 cxd4 8. Nxd4 Bd7 9. Nxc6 Qb6 10. Nd2 c3 11.
Nc4 Qc7 12. Qa5 cxb2 13. Qxc7 bxa1=Q 14. Qxb7 Rc8 15. N4e5 Rxc6 16. Nxc6 Bd6 17. Qa8+ 1-0

[Event "Early-Titled-Tuesday-Blitz-February-20-2024"]
[Site "Chess.com"]
[Date "2024.02.20"]
[Round "3"]
[White "ExtremeLearner"]
[Black "vovachesss"]
[Result "0-1"]
[WhiteElo "2585"]
[BlackElo "2826"]
[TimeControl "180+1"]
[EndTime "8:27:15 PST"]
[Termination "vovachesss won by resignation"]

1. d4 d5 2. c4 c6 3. Nf3 Nf6 4. Nc3 dxc4 5. e4 b5 6. Be2 b4 7. Na4 Nxe4 8. Bxc4 Nd6 9. Be2 Bf5 10. O-O e6 11. Bf4 Be7 12. Rc1 O-O 13. Ne5 Nb5 14.
Be3 Be4 15. Nc5 Bd5 16. Ned3 a5 17. Ra1 Nd7 18. Qc2 Nxc5 19. dxc5 Bf6 20. Nf4 Nd4 21. Bxd4 Bxd4 22. Rad1 Qf6 23. Nh5 Qe5 24. Bd3 Qxh5 0-1

[Event "Early-Titled-Tuesday-Blitz-February-20-2024"]
[Site "Chess.com"]
[Date "2024.02.20"]
[Round "3"]
[White "FairChess_on_YouTube"]
[Black "fighter2jz"]
[Result "1-0"]
[WhiteElo "3073"]
[BlackElo "2773"]
[TimeControl "180+1"]
[EndTime "8:27:16 PST"]
[Termination "FairChess_on_YouTube won by resignation"]

1. d4 Nf6 2. c4 g6 3. Nc3 d5 4.
cxd5 Nxd5 5. e4 Nxc3 6. bxc3 Bg7 7. Nf3 O-O 8. Be3 c5 9. Qd2 Qa5 10. Rc1 Bg4 11. Ng5 cxd4 12. cxd4 Qxd2+ 13. Kxd2 Nc6 14. h3 Bd7 15. d5 Nb4 16. a3 Na6 17. Bxa6 bxa6 18.
Rc7 Bb5 19. Rhc1 Be5 20. Rxe7 Bd6 21. Rcc7 Rfe8 22. Rxf7 Bxc7 23. Rxc7 Rad8 24. Nxh7 1-0

[Event "Early-Titled-Tuesday-Blitz-February-20-2024"]
[Site "Chess.com"]
[Date "2024.02.20"]
[Round "3"]
[White "DvaHrasta"]
[Black "adotand"]
[Result "0-1"]
[WhiteElo "2516"]
[BlackElo "2948"]
[TimeControl "180+1"]
[EndTime "8:27:16 PST"]
[Termination "adotand won on time"]

1. c4 Nf6 2. g3 e5 3. Bg2 Nc6 4.
Nf3 Bc5 5. O-O d6 6. e3 Bg4 7. h3 Bh5 8. d4 Bb6 9. g4 Bg6 10. Nc3 O-O 11. d5 Ne7 12. b3 c6 13. dxc6 bxc6 14. Ba3 Bc7 15. Qd2 Ne4 16. Nxe4 Bxe4 17.
Rfd1 c5 18. b4 cxb4 19. Bxb4 Nc8 20. c5 d5 21. Ne1 Bxg2 22. Nxg2 Ne7 23. c6 Bd6 24.
Rac1 Rc8 25. Ba5 Qe8 26. c7 Qd7 27. Qc2 f5 28. g5 f4 29. exf4 exf4 30. Rd3 f3 31.
Ne1 Qxh3 32. Rxf3 Rxf3 33. Nxf3 Qxf3 0-1

[Event "Early-Titled-Tuesday-Blitz-February-20-2024"]
[Site "Chess.com"]
[Date "2024.02.20"]
[Round "3"]
[White "artin10862"]
[Black "MasterKroket"]
[Result "1-0"]
[WhiteElo "2914"]
[BlackElo "2512"]
[TimeControl "180+1"]
[EndTime "8:27:16 PST"]
[Termination "artin10862 won by checkmate"]

1. Nf3 Nf6 2. g3 g6 3. Bg2 Bg7 4. O-O O-O 5. d3 d5 6. c3 c6 7.
Nbd2 a5 8. e4 e6 9. Re1 a4 10.
e5 Nfd7 11. d4 c5 12. Nf1 Nc6 13. Bf4 Qb6 14. Qd2 Na5 15. Ne3 Nb8 16. Rab1 Nbc6 17. Bf1 cxd4 18. cxd4 Qb4 19. Qd1 Bd7 20. Ng4 Rfd8 21.
Bd2 Qb6 22. Bg5 h5 23. Nf6+ Kh8 24. Qd2 Be8 25. Bh6 Qb4 26. Qf4 Qf8 27. Bxg7+ Qxg7 28. h3 Ne7 29. g4 Ng8 30. Bd3 Nxf6 31. exf6 Qh7 32.
Re5 Nc6 33. Rxh5 gxh5 34. Bxh7 Kxh7 35. Qg5 Bd7 36. Qg7# 1-0

[Event "Early-Titled-Tuesday-Blitz-February-20-2024"]
[Site "Chess.com"]
[Date "2024.02.20"]
[Round "3"]
[White "ChainedDowntohell"]
[Black "bylavochka"]
[Result "1-0"]
[WhiteElo "2562"]
[BlackElo "2306"]
[TimeControl "180+1"]
[EndTime "8:27:17 PST"]
[Termination "ChainedDowntohell won by checkmate"]

1. d4 Nf6 2. c4 g6 3. Nc3 Bg7 4. f4 O-O 5. g3 d5 6. Bg2 c6 7. Nf3 Nbd7 8. O-O dxc4 9. e4 Nb6 10. Qe2 Bg4 11. Rd1 Qc8 12. Qf1 Rd8 13. Be3 Bxf3 14. Bxf3 Ng4 15. Qe2 Nxe3 16. Qxe3 Qc7 17. h4 h5 18. Kg2 Rac8 19. Rd2 Rd7 20. e5 Nd5 21. Nxd5 cxd5 22. f5 e6 23. f6 Bf8 24. g4 c3 25.
Rc2 cxb2 26. Rxc7 bxa1=Q 27. Rxc8 hxg4 28. Rxf8+ Kxf8 29. Qh6+ Ke8 30. Qh8# 1-0

[Event "Early-Titled-Tuesday-Blitz-February-20-2024"]
[Site "Chess.com"]
[Date "2024.02.20"]
[Round "3"]
[White "Casper"]
[Black "Alenzer"]
[Result "1-0"]
[WhiteElo "2536"]
[BlackElo "2145"]
[TimeControl "180+1"]
[EndTime "8:27:17 PST"]
[Termination "Casper won on time"]

1. h3 e5 2. c4 Nf6 3. Nc3 d5 4.
cxd5 Nxd5 5. Nf3 Nc6 6. e4 Ndb4 7.
d3 Nd4 8. Nxd4 exd4 9. Ne2 c5 10.
a3 Nc6 11. Nf4 Bd6 12. Be2 O-O 13. O-O f5 14. Nd5 fxe4 15. dxe4 Be6 16. Bg4 Bxd5 17. exd5 Ne5 18. Be6+ Kh8 19. f4 Ng6 20. g3 Qf6 21. Bd2 c4 22. Qa4 c3 23. bxc3 dxc3 24. Be3 a6 25. Bd4 Qd8 26. Bxc3 Bc5+ 27. Kg2 b5 28.
Qe4 Qd6 29. h4 Bxa3 30. h5 Ne7 31. h6 Rg8 32. Qd4 1-0

[Event "Early-Titled-Tuesday-Blitz-February-20-2024"]
[Site "Chess.com"]
[Date "2024.02.20"]
[Round "3"]
[White "Svet_1502"]
[Black "SharapovEvgeny"]
[Result "0-1"]
[WhiteElo "2230"]
[BlackElo "2545"]
[TimeControl "180+1"]
[EndTime "8:27:18 PST"]
[Termination "SharapovEvgeny won by resignation"]

1. d4 Nf6 2. Nf3 c5 3. d5 b5 4. a4 bxa4 5. Nc3 g6 6. g3 Bg7 7.
Bg2 d6 8. O-O O-O 9. e4 Bg4 10.
Rxa4 Nbd7 11. h3 Bxf3 12. Bxf3 Nb6 13. Ra2 Nfd7 14. Qe2 Qc7 15. Bg5 Ne5 16. Bg2 h6 17. Bf4 Nec4 18. Nb5 Qd7 19. Na3 Nxa3 20. Rxa3 Bxb2 21.
Ra6 Bg7 22. Rb1 Rab8 23. Bf1 Kh7 24. Qd2 Na4 25. Rxb8 Rxb8 26. Qa5 Nc3 27. Rxa7 Rb7 28. Ra8 Nxe4 29. Rd8 Qc7 30. Qa8 Ra7 31. Qc6 Qxd8 0-1

[Event "Early-Titled-Tuesday-Blitz-February-20-2024"]
[Site "Chess.com"]
[Date "2024.02.20"]
[Round "3"]
[White "Hsper248"]
[Black "vugarrasulov"]
[Result "0-1"]
[WhiteElo "2656"]
[BlackElo "2928"]
[TimeControl "180+1"]
[EndTime "8:27:19 PST"]
[Termination "vugarrasulov won by resignation"]

1. d4 Nf6 2. Nf3 e6 3. Bf4 b6 4.
e3 Bb7 5. Bd3 g6 6. h3 Bg7 7. O-O O-O 8. Nbd2 d6 9. e4 Nbd7 10.
c3 Re8 11. e5 dxe5 12. dxe5 Nd5 13. Bg3 Nc5 14. Bb5 c6 15. Be2 b5 16. Qc2 Ne7 17. Bh4 Qc7 18. Ne4 Nxe4 19. Qxe4 Nf5 20.
Bg5 c5 21. Qg4 c4 22. Rfd1 h6 23. Bf6 h5 24. Qg5 Bh6 25. g4 Bxg5 26. Nxg5 hxg4 27. hxg4 Nh6 28. Rd6 Rad8 29. Rad1 Rxd6 30. exd6 Qd7 31.
f3 e5 32. Kf2 e4 33. Rh1 Qxd6 0-1

[Event "Early-Titled-Tuesday-Blitz-February-20-2024"]
[Site "Chess.com"]
[Date "2024.02.20"]
[Round "3"]
[White "Yerlan-Ra"]
[Black "GeorgiosSouleidis"]
[Result "0-1"]
[WhiteElo "2478"]
[BlackElo "2692"]
[TimeControl "180+1"]
[EndTime "8:27:19 PST"]
[Termination "GeorgiosSouleidis won by checkmate"]

1. e4 c5 2. c3 e6 3. d4 d5 4.
exd5 exd5 5. Nf3 Nc6 6. Bb5 Bd6 7. O-O Ne7 8. Re1 O-O 9. dxc5 Bxc5 10. Be3 Bxe3 11. Rxe3 Qb6 12. a4 a6 13. Bxc6 Nxc6 14.
b4 Bg4 15. h3 Bxf3 16. Rxf3 d4 17. a5 Qd8 18. Qb3 dxc3 19. Rxc3 Nd4 20. Qb2 Qf6 21. Kf1 Rfe8 22. Nd2 Re2 23. Rd3 Qxf2# 0-1

[Event "Early-Titled-Tuesday-Blitz-February-20-2024"]
[Site "Chess.com"]
[Date "2024.02.20"]
[Round "3"]
[White "GM_Huschenbeth"]
[Black "Iskusnyh"]
[Result "0-1"]
[WhiteElo "2468"]
[BlackElo "2679"]
[TimeControl "180+1"]
[EndTime "8:27:20 PST"]
[Termination "Iskusnyh won by resignation"]

1. e4 e6 2. d4 d5 3. Nc3 Nf6 4. Bg5 dxe4 5. Nxe4 Nbd7 6. Nf3 h6 7. Bxf6 Nxf6 8.
Bd3 Nxe4 9. Bxe4 c5 10. Qe2 Qa5+ 11. c3 Be7 12. O-O O-O 13. Rad1 Bf6 14. Bb1 cxd4 15. cxd4 Bd7 16. Ne5 Bxe5 17. dxe5 Bc6 18. Qd3 g6 19. Qe3 Rfd8 20. h4 Qa4 21. Rxd8+ Rxd8 22. Qxh6 Rd1 23.
b3 Qg4 24. f3 Qd4+ 0-1

[Event "Early-Titled-Tuesday-Blitz-February-20-2024"]
[Site "Chess.com"]
[Date "2024.02.20"]
[Round "3"]
[White "Licancabur"]
[Black "Mikasinski"]
[Result "0-1"]
[WhiteElo "2418"]
[BlackElo "2635"]
[TimeControl "180+1"]
[EndTime "8:27:20 PST"]
[Termination "Mikasinski won on time"]

1. d4 Nf6 2. Bg5 d5 3. e3 e6 4. Nf3 Be7 5. c4 dxc4 6. Bxc4 c5 7. O-O cxd4 8. exd4 Nc6 9. Nc3 O-O 10. Re1 h6 11. Bh4 a6 12. a3 b5 13. Bb3 Bb7 14. Qd3 g6 15. Rad1 Kg7 16. Ne5 Nxe5 17. dxe5 Ng8 18.
Bxe7 Nxe7 19. Qd7 Bc6 20. Qd6 Qxd6 21. exd6 Nf5 22. Ne4 Bxe4 23. Rxe4 Rfd8 24. d7 Ra7 25. g4 Nh4 26. Re3 Raxd7 27. Rxd7 Rxd7 28. Kf1 Rd2 29. Re2 Nf3 30. h4 Rxe2 31. Kxe2 Nd4+ 0-1

[Event "Early-Titled-Tuesday-Blitz-February-20-2024"]
[Site "Chess.com"]
[Date "2024.02.20"]
[Round "3"]
[White "lrestevez"]
[Black "Zorbos"]
[Result "0-1"]
[WhiteElo "2186"]
[BlackElo "2474"]
[TimeControl "180+1"]
[EndTime "8:27:20 PST"]
[Termination "Zorbos won by resignation"]

1. e4 e5 2. Nf3 Nc6 3. Bc4 Bc5 4. d3 Nf6 5. c3 O-O 6. h3 d5 7.
exd5 Nxd5 8. O-O Nb6 9. Bb3 a5 10. a4 Bf5 11. Bc2 Be6 12. Qe2 f6 13. Nbd2 Bf7 14.
Ne4 Be7 15. Be3 Nd5 16. Bc5 Bd6 17. Nxd6 cxd6 18. Ba3 Nf4 19. Qe3 Kh8 20. d4 Be6 21. dxe5 fxe5 22. Kh2 Qd7 23. Ng1 d5 24. Bxf8 Rxf8 25.
Rad1 d4 26. cxd4 exd4 27. Qg3 Nb4 28. Be4 d3 29. Qh4 h6 30. g3 Ne2 31. Qh5 Qd4 32. Nxe2 Rxf2+ 33. Rxf2 Qxf2+ 34. Bg2 dxe2 35. Rd8+ Kh7 36.
Qe8 e1=Q 37. Qh8+ Kg6 38. Qe8+ Bf7 39. Rd6+ Kh7 40. Rxh6+ gxh6 0-1

[Event "Early-Titled-Tuesday-Blitz-February-20-2024"]
[Site "Chess.com"]
[Date "2024.02.20"]
[Round "3"]
[White "atalz0"]
[Black "Skatchkov_V"]
[Result "0-1"]
[WhiteElo "2411"]
[BlackElo "2618"]
[TimeControl "180+1"]
[EndTime "8:27:21 PST"]
[Termination "Skatchkov_V won by resignation"]

1. d4 Nf6 2. c4 e6 3. Nc3 Bb4 4. Qc2 O-O 5. e4 d5 6. e5 Ne4 7. Bd3 c5 8. Nf3 cxd4 9. Nxd4 Nd7 10. Bxe4 dxe4 11. Qxe4 Qa5 12. O-O Qxe5 13. Qh4 Qf6 14.
Bg5 Qg6 15. Ndb5 Ne5 16. f4 Nxc4 17. f5 exf5 18. Qxc4 Bxc3 19. Be7 Re8 20. Nc7 Qb6+ 21. Kh1 Be6 22. Qxc3 Rac8 23. Rac1 Rxe7 24. Nd5 Rxc3 25. Nxe7+ Kf8 0-1